 Dungeon Crawl Stone Soup version 0.29-a0-575-g0dc89cf053 (webtiles) character file.

Game seed: 16356473910892578163

216 blackman the Slasher (level 6, -1/47 HPs)
             Began as a Human Delver on June 13, 2022.
             Was a Believer of Qazlal.
             Slain by Natasha (8 damage)
             ... on level 3 of the Dungeon.
             The game lasted 00:13:31 (3313 turns).

blackman the Slasher (Human Delver)                 Turns: 3313, Time: 00:13:31

Health: -1/47      AC: 12    Str: 17    XL:     6   Next: 16%
Magic:  6/6        EV:  5    Int: 11    God:    Qazlal [**....]
Gold:   150        SH:  3    Dex: 14    Spells: 5/5 levels left

rFire   . . .      SeeInvis .   a - +0 falchion
rCold   . . .      Faith    .   (no shield)
rNeg    . . .      Spirit   .   h - +0 plate armour
rPois   .          Reflect  .   w - +0 helmet
rElec   .          Harm     .   (no cloak)
rCorr   .          Rampage  .   t - +0 pair of gloves {Str+3}
Will    .....                   (no boots)
Stlth   ..........              (no amulet)
HPRegen 0.15/turn               (no ring)
MPRegen 0.10/turn               (no ring)

@: slowed, studying Armour, very slow
A: no striking features
a: Renounce Religion, Upheaval


You were on level 3 of the Dungeon.
You worshipped Qazlal.
Qazlal was pleased with you.
You visited 1 branch of the dungeon, and saw 5 of its levels.

You collected 150 gold pieces.

Inventory:

Hand Weapons
 a - a +0 falchion (weapon)
Missiles
 l - 3 poisoned darts (quivered)
Armour
 b - a +0 leather armour
 h - a +0 plate armour (worn)
 j - the +1 cloak of Summertime {Harm Str+2}
   (You found it on level 2 of the Dungeon)

   Str:       It affects your strength (+2).
   Harm:      It increases damage dealt and taken.
 t - a +0 pair of gloves of strength (worn)
 w - a +0 helmet (worn)
Jewellery
 d - a ring of flight
 v - a ring of ice
Wands
 g - a wand of digging (3)
Scrolls
 c - a scroll of fog
 e - a scroll of fear
 k - a scroll of amnesia {unknown}
 n - a scroll of identify
 p - a scroll of vulnerability {unknown}
 r - 3 scrolls of magic mapping
 u - 2 scrolls of teleportation {unknown}
 x - a scroll of noise {unknown}
Potions
 f - a potion of haste
 i - a potion of invisibility {unknown}
 m - a potion of cancellation {unknown}
 o - a potion of might {unknown}
 q - 2 potions of brilliance {unknown}
 s - a potion of magic {unknown}
 z - a potion of ambrosia {unknown}


   Skills:
 - Level 3.1 Fighting
 * Level 5.7 Long Blades
 - Level 2.1 Dodging
 - Level 5.0 Stealth


You had 5 spell levels left.
You didn't know any spells.
Your spell library was empty.

Dungeon Overview and Level Annotations

Branches:
Dungeon (5/15)
 Temple: D:4-7

Altars:
Qazlal

Shops:
D:1 *   D:2 =

Annotations:
D:3 Natasha
D:4 Dowan


Message History

You barely miss Natasha. You punch Natasha.
Natasha is heavily wounded.
Natasha claws you. The white imp hits you. The white imp freezes you.
You hit Natasha. You punch Natasha, but do no damage.
Natasha is heavily wounded.
Natasha claws you but does no damage.
The white imp hits you but does no damage.
Natasha mumbles some strange words.
The white imp hits you but does no damage.
You hit Natasha but do no damage.
Natasha is heavily wounded.
Natasha claws you.
The white imp hits you but does no damage.
The iron imp hits you.
You hit Natasha.
Natasha is severely wounded.
Natasha claws you but does no damage.
The white imp is struck by lightning.
You kill the white imp!
The white imp disappears in a puff of smoke!
The iron imp hits you.
Natasha mumbles some strange words.
Natasha glows brightly for a moment.
Natasha stares at you and mumbles some strange words.
The magic dart hits you.
You closely miss Natasha.
Natasha is severely wounded.
Natasha claws you but does no damage.
The iron imp hits you but does no damage.
Natasha attacks as you move away! Natasha claws you but does no damage.
Natasha barely misses you.
You hit Natasha but do no damage.
Natasha is severely wounded.
Natasha howls an incantation.
You feel troubled. Natasha claws you. The iron imp hits you!
Natasha casts a spell.
The iron imp hits you!
* * * LOW HITPOINT WARNING * * *
Natasha attacks as you move away! Natasha claws you!
You die...

#.# #....#
..#####.#####....############
............'................
.#####.#.###........########
#.#.#.......##># ###
#.#.#.......##.# ..#
#.#.........##.#
#.#####.#.##....○.##.######
................@h........#
#'#####.#.#..#.##5........#
......#........##5........#
......###.##..###.........#
......# #.#..........######
......###.#....##.#..#
..........####.##.#..#
......##### #.##.#..#####
......# #.##.#...)..#


You could see an iron imp (summoned), Natasha and a crimson imp (summoned).

Vanquished Creatures
  A scorpion (D:3)
  Natasha (twice) (D:3)
  3 adders (D:2)
  3 worms (D:2)
  A dart slug (D:3)
  9 bats
  5 endoplasms
  7 giant cockroaches
  7 goblins
  2 hobgoblins
  6 jackals
  4 quokkas
  7 ball pythons
  2 frilled lizards
  3 kobolds
  4 rats
66 creatures vanquished.

Vanquished Creatures (others)
  A withered plant (D:1)
1 creature vanquished.

Grand Total: 67 creatures vanquished

Notes
Turn   | Place    | Note
-------+----------+-------------------------------------------
     0 | D:5      | blackman the Human Delver began the quest for the Orb.
     0 | D:5      | Reached XP level 1. HP: 18/18 MP: 1/1
    20 | D:5      | Noticed a scorpion
    22 | D:5      | Noticed a gnoll shaman
    47 | D:4      | Noticed Dowan
   220 | D:3      | Noticed a scorpion
   265 | D:2      | Found Noezoiv's Jewellery Boutique.
   271 | D:2      | Reached XP level 2. HP: 12/24 MP: 2/2
   502 | D:2      | Identified the +1 cloak of Summertime {Harm Str+2}
   815 | D:2      | Reached XP level 3. HP: 27/29 MP: 3/3
  1155 | D:1      | Found a faded altar of an unknown god.
  1166 | D:1      | Prayed at the altar of an unknown god.
  1166 | D:1      | Became a worshipper of Qazlal Stormbringer
  1166 | D:1      | Reached * piety under Qazlal
  1342 | D:1      | Reached XP level 4. HP: 28/35 MP: 4/4
  1655 | D:1      | Found Darphi's Assorted Antiques.
  1921 | D:1      | Reached ** piety under Qazlal
  2600 | D:2      | Identified a scroll of acquirement
  2601 | D:2      | Acquired a manual of Armour
  2637 | D:3      | Killed a scorpion
  2638 | D:3      | Reached skill level 5 in Long Blades
  2638 | D:3      | Reached XP level 5. HP: 33/41 MP: 5/5
  2952 | D:3      | Noticed Natasha
  2957 | D:3      | Killed Natasha
  3034 | D:3      | Reached XP level 6. HP: 47/47 MP: 6/6
  3078 | D:3      | Noticed Natasha
  3087 | D:3      | Killed Natasha
  3301 | D:3      | Noticed Natasha
  3313 | D:3      | Slain by Natasha

Illustrated notes

Levels and vault maps discovered:
D:1:      minmay_arrival_four_loops, layout_loops_ring, serial_shops,
          nicolae_square_shop, ebering_ecumenical_altar_petrified, minivault_19
D:2:      layout_loops_ring, serial_shops, nicolae_shop_waterfront
D:3:      layout_basic, uniq_natasha
D:4:      layout_gridville, uniq_menkaure, uniq_duvessa, uniq_sigmund
D:5:      layout_cave_pools, serial_undead, serial_undead_c, serial_undead_c,
          serial_undead_f, serial_undead_c, serial_undead_b, serial_undead_e,
          serial_undead_b, serial_undead_b, uniq_pikel, uniq_edmund

Skill      XL: |  1  2  3  4 |
---------------+-------------+-----
Long Blades    | 3 5 |  5.7
Fighting       | |  3.1
Dodging        | |  2.1
Stealth        | |  5.0

Action                   |  1- 3 |  4- 6 || total
-------------------------+-------+-------++-------
Melee: Falchion          |   116 |   157 ||   273
       Punch             |       |     3 ||     3
  Use: Scroll            |     1 |     2 ||     3
       Potion            |       |     1 ||     1
Armor: Leather armour    |     2 |       ||     2
       Plate armour      |   106 |   109 ||   215
Dodge: Dodged            |    33 |    37 ||    70
Block: Other             |       |    11 ||    11

Table legend: (Time is in decaauts)
 A = Elapsed time spent in this place.
 B = Non-inter-level travel time spent in this place.
 C = Inter-level travel time spent in this place.
 D = Time resting spent in this place.
 E = Time spent auto-exploring this place.
 F = Levels seen in this place.
 G = Mean time per level.
                   A        B        C        D        E       F      G
               +--------+--------+--------+--------+--------+-----+--------+
         Total |   3330 |   3213 |    117 |    280 |   2281 |   5 |  666.0 |
       Dungeon |   3330 |   3213 |    117 |    280 |   2281 |   5 |  666.0 |
               +--------+--------+--------+--------+--------+-----+--------+

Top non-repeatable levels by time:
     D:2: 1242 daAuts
     D:1: 1171 daAuts
     D:3: 859 daAuts
     D:4: 28 daAuts
     D:5: 28 daAuts
